 Dungeon Crawl Stone Soup version 0.22.1-1-ga44c0e56f4 (webtiles) character file.

93 Freyura the Skirmisher (level 4, -7/42 HPs)
             Began as a Naga Fighter on Sept 23, 2018.
             Mangled by a gnoll
             ... wielding a +0 halberd
              (16 damage)
             ... on level 3 of the Dungeon.
             The game lasted 00:05:36 (1614 turns).

Freyura the Skirmisher (Naga Fighter)               Turns: 1614, Time: 00:05:36

Health: -7/42      AC:  5    Str: 23    XL:     4   Next: 61%
Magic:  4/4        EV:  5    Int:  9    God:
Gold:   98         SH: 10    Dex: 11    Spells: 3/3 levels left

rFire    . . .     SeeInvis +   a - +0 long sword
rCold    . . .     Gourm    .   c - +1 shield
rNeg     . . .     Faith    .   b - +0 scale mail
rPois    +         Spirit   .   (no helmet)
rElec    .         Reflect  .   (no cloak)
rCorr    .         Harm     .   (no gloves)
MR       .....                  (no barding)
Stlth    ..........             (no amulet)
HPRegen  0.14/turn              (no ring)
MPRegen  0.09/turn              (no ring)

@: mighty, very slow
A: large, see invisible, deformed body, poison resistance, slowness 2, slow
metabolism 1, spit poison 1, AC +1
a: Spit Poison


You were on level 3 of the Dungeon.
You were full.

You visited 1 branch of the dungeon, and saw 3 of its levels.

You collected 98 gold pieces.

Inventory:

Hand Weapons
 a - a +0 long sword (weapon)
Armour
 b - a +0 scale mail (worn)
 c - a +1 shield (worn)
Scrolls
 i - 3 scrolls of teleportation
 k - a scroll of identify
 m - a scroll of enchant armour
 n - a scroll of amnesia {unknown}
Potions
 e - 4 potions of curing
 g - a potion of degeneration {unknown}
 h - a potion of lignification {unknown}
 j - a potion of berserk rage {unknown}
 l - a potion of heal wounds {unknown}
 o - a potion of brilliance {unknown}
Comestibles
 f - 3 rations


   Skills:
 + Level 3.3 Fighting
 + Level 3.0 Long Blades
 + Level 3.0 Armour
 + Level 0.1 Dodging
 + Level 3.1 Shields


You had 3 spell levels left.
You didn't know any spells.
Your spell library was empty.

Dungeon Overview and Level Annotations

Branches:
Dungeon (3/15)

Altars:
Qazlal


Innate Abilities, Weirdness & Mutations

You cannot wear boots.
Your serpentine skin is tough. (AC +1)
You have supernaturally acute eyesight. (SInv)
Armour fits poorly on your strangely shaped body.
Your system is resistant to poisons. (rPois)
You cover ground very slowly.
You have a slow metabolism.
You can spit poison.


Message History

A gnoll comes into view. It is wielding a halberd.
The gnoll hits you with a spear!
You hit the gnoll.
The gnoll is severely wounded.
The gnoll hits you with a spear.
You completely miss the gnoll.
The gnoll is severely wounded.
The gnoll barely misses you. You block the gnoll's attack.
You barely miss the gnoll.
The gnoll is severely wounded.
The gnoll hits you with a spear!
* * * LOW HITPOINT WARNING * * *
You feel very mighty all of a sudden. The gnoll hits you with a spear.
* * * LOW HITPOINT WARNING * * *
You closely miss the gnoll.
The gnoll is severely wounded.
The gnoll hits you but does no damage.
The gnoll hits you from afar with a halberd!
You die...

..................#..#
.....................#
##.............≈..≈.≈≈..
..................≈≈.≈.≈
................≈≈≈≈≈≈≈≈
#.#............≈≈≈≈≈≈≈≈≈
# ##......#...≈≈≈≈≈≈≈≈≈≈
.?...##.#.##....≈≈≈≈..≈≈
#(##. #@#>...#.≈≈≈≈♣_.≈≈
#......g..####.≈≈≈≈.♣.
###.##..g.# .≈≈≈≈≈≈
##...# ..≈≈≈≈ #.... ≈≈≈
...... ...##.# #..# .#


You could see 2 gnolls.

Vanquished Creatures
  5 adders
  A worm (D:2)
  A dart slug (D:1)
  5 leopard geckos
  8 hobgoblins
  6 kobolds
  5 bats
  3 frilled lizards
  2 goblins
  5 rats
41 creatures vanquished.

Notes
Turn   | Place    | Note
-------+----------+-------------------------------------------
     0 | D:1      | Freyura the Naga Fighter began the quest for the Orb.
     0 | D:1      | Reached XP level 1. HP: 21/21 MP: 1/1
    62 | D:1      | Reached XP level 2. HP: 25/28 MP: 2/2
   401 | D:1      | Reached XP level 3. HP: 34/34 MP: 3/3
   946 | D:2      | Reached XP level 4. HP: 26/42 MP: 4/4
  1461 | D:2      | Found a stormy altar of Qazlal.
  1572 | D:3      | Found a faded altar of an unknown god.
  1614 | D:3      | Mangled by a gnoll

Skill      XL: |  1  2  3  4 |
---------------+-------------+-----
Shields        | 3 |  3.1
Long Blades    | 3 |  3.0
Armour         | 3 |  3.0
Fighting       | |  3.3
Dodging        | |  0.1

Action                   |  1- 3 |  4- 6 || total
-------------------------+-------+-------++-------
Melee: Long sword        |   109 |    33 ||   142
  Use: Scroll            |     2 |     5 ||     7
       Potion            |       |     1 ||     1
  Eat: Ration            |       |     2 ||     2
Armor: Scale mail        |    65 |     9 ||    74
Dodge: Dodged            |    22 |     7 ||    29
Block: Shield            |    63 |    20 ||    83
       Rpst.: Long sword |     7 |     2 ||     9
